Cogmind - Beta 16 @@@ ROGUE MODE // 2025.11.04 @ 04:00:56 Player: pappous Result: Destroyed by P-60 Hacker with Shock Rifle Performance ------------- Evolutions (3) 1500 Regions Visited (8) 1600 Robots Destroyed (120) 600 Value Destroyed (4883) 4883 Prototype IDs (5) 100 Alien Tech Used (0) 0 Bonus (1553) 1553 TOTAL SCORE: 10236 Bonus ------- High Alert Combat Kills 113 Follower Combat Kills 40 Entered Garrisons 400 Used RIF Installer 1000 Cogmind --------- Core Integrity 0/700 Matter 286/300 Energy 275/275 System Corruption 8% Temperature Cool (0) Movement Rolling (145) Ox3 Location -7/Factory Parts ------- > --- POWER (1) -------- Deuterium Engine > --- PROPULSION (3) --- Light Treads Armored Huge Wheel > --- UTILITY (6) ------ Improved Heat Sink Improved Heat Sink Huge Storage Unit Transmission Jammer Hardened Light Armor Plating Relay Coupler [Duelist] (17) > --- WEAPON (3) ------- Particle Gun Plasma Cannon Flak Gun > --- INVENTORY (25) --- Deuterium Engine Armored Treads Armored Huge Wheel Improved Heat Sink High-capacity Storage Unit Large Matter Pod (150) Core Analyzer Recoil Stabilizer Weapon Cycler Transmission Jammer Relay Coupler [NC] (22) Relay Coupler [NC] (25) Relay Coupler [Brawler] (34) Relay Coupler [Sentry] (22) Relay Coupler [Specialist] (19) Relay Coupler [Hunter] (17) Relay Coupler [Behemoth] (11) Gatling Laser Disruptor Cannon Heavy Ion Cannon Gauss Rifle Gauss Cannon Heavy Missile Launcher Remote Datajack Peak State ------------ > --- POWER ------------ Deuterium Engine > --- PROPULSION ------- Light Treads Armored Huge Wheel > --- UTILITY ---------- Improved Heat Sink Improved Heat Sink Huge Storage Unit Core Analyzer Transmission Jammer Improved Light Armor Plating > --- WEAPON ----------- Plasma Cannon Autogun Autogun > --- INVENTORY -------- Deuterium Engine Light Treads High-capacity Storage Unit Large Matter Pod Core Analyzer Recoil Stabilizer Transmission Jammer Layered Light Armor Plating Relay Coupler [NC] Relay Coupler [NC] Relay Coupler [Brawler] Relay Coupler [Duelist] Relay Coupler [Sentry] Relay Coupler [Specialist] Relay Coupler [Hunter] Relay Coupler [Behemoth] Particle Gun Particle Gun Gatling Laser Disruptor Cannon Plasma Cannon Flak Gun Gauss Cannon Heavy Missile Launcher Remote Datajack [Rating: 46] Favorites ----------- Power Ion Engine Engine Ion Engine Power Core Light Nuclear Core Propulsion Light Treads Treads Light Treads Leg Aluminum Leg Wheel Armored Wheel Utility Improved Heat Sink Device Improved Heat Sink Storage Huge Storage Unit Processor Core Analyzer Hackware Relay Coupler [Duelist] Protection Power Shielding Weapon Heavy Assault Rifle Energy Gun Particle Gun Energy Cannon Plasma Cannon Ballistic Gun Heavy Assault Rifle Launcher Grenade Launcher Special Weapon Remote Datajack Build | -11 -10 -9 -9 -9 -9 -7 -7 -7 ------- Run | Yrd Mat Mat Sto Gar Rec Fac Gar Fac Slots Evolved 6 | . . 2 . . . 4 . . Power . | . . . . . . . . . Propulsion 1 | . . . . . . 1 . . Utility 4 | . . 2 . . . 2 . . Weapon 1 | . . . . . . 1 . . Parts Attached 107 | 7 4 17 11 8 3 10 32 15 Power 12 | 1 . 3 2 1 . 1 3 1 Engine 10 | 1 . 3 2 1 . 1 1 1 Core 2 | . . . . . . . 2 . Reactor . | . . . . . . . . . Propulsion 21 | 3 . 3 . 1 2 1 9 2 Treads 12 | 2 . 2 . . 2 1 4 1 Leg 4 | . . . . . . . 4 . Wheel 5 | 1 . 1 . 1 . . 1 1 Hover . | . . . . . . . . . Flight . | . . . . . . . . . Utility 35 | 1 2 7 3 2 1 4 10 5 Device 15 | . 1 4 . 2 . . 5 3 Storage 5 | 1 1 1 1 . . 1 . . Processor 2 | . . . . . . 2 . . Hackware 3 | . . . . . . . 2 1 Protection 10 | . . 2 2 . 1 1 3 1 Artifact . | . . . . . . . . . Weapon 39 | 2 2 4 6 4 . 4 10 7 Energy Gun 14 | 2 . 1 4 2 . 1 3 1 Energy Cannon 6 | . . . 1 . . 2 1 2 Ballistic Gun 14 | . 2 2 1 1 . 1 5 2 Ballistic Cannon . | . . . . . . . . . Launcher 3 | . . 1 . 1 . . . 1 Special Weapon 2 | . . . . . . . 1 1 Impact Weapon . | . . . . . . . . . Slashing Weapon . | . . . . . . . . . Piercing Weapon . | . . . . . . . . . Special Melee Weapon . | . . . . . . . . . Unidentified Prototypes 5 | . . . 5 . . . . . Parts Lost 44 | . . 7 1 9 1 1 25 . Power 6 | . . 2 . 1 . . 3 . Propulsion 10 | . . 2 . 2 1 . 5 . Utility 11 | . . 3 1 2 . . 5 . Weapon 17 | . . . . 4 . 1 12 . Highest Loss Streak 17 | . . 3 1 5 1 1 17 . To Critical Strikes . | . . . . . . . . . Average Backups 16 | 2 5 10 15 16 19 20 19 24 Power . | . 1 . 1 1 1 1 . 1 Propulsion 1 | 1 2 2 2 1 1 1 1 1 Utility 7 | . . . 3 5 9 10 11 13 Weapon 6 | . 2 6 8 8 8 7 4 7 Tool/Special . | . . . . . . . . . Unused Backups 30 | . . 1 3 . . 1 3 22 Power 4 | . . . 1 . . . 1 2 Propulsion 5 | . . . . . . . 2 3 Utility 13 | . . . . . . . . 13 Weapon 8 | . . 1 2 . . 1 . 4 Tool/Special . | . . . . . . . . . Average Slot Usage (%) 89 | . 88 82 83 89 98 93 87 92 Engine 7 | . 14 10 11 10 11 7 1 5 Core 1 | . . . . . . . 4 1 Treads 13 | . 28 14 11 1 12 23 10 12 Leg 2 | . . . . . . . 9 . Wheel 4 | . . 6 11 12 8 . . 4 Device 13 | . 3 10 11 16 12 7 15 20 Storage 9 | . 14 11 11 11 11 7 7 7 Processor 3 | . . . . . . 8 9 3 Protection 8 | . . 5 6 15 20 15 5 7 Energy Gun 8 | . 15 2 17 16 11 7 6 3 Energy Cannon 2 | . . . . . . . 3 6 Ballistic Gun 10 | . 11 19 3 5 11 14 7 10 Peak Build Rating 46 | 6 7 14 18 18 15 38 40 46 Average Rating 23 | 5 6 10 15 15 14 25 32 42 On Entrance 16 | . 6 7 12 18 14 14 38 36 Avg Prop Armor Cover (%) 7 | . . 8 9 8 7 . 8 6 Naked Turns . | . . . . . . . . . Heaviest Build 119 | 12 18 35 59 59 55 119 119 111 Greatest Support 60 | 40 40 40 10 22 40 60 60 60 Greatest Overweight (x) 32 | . . 3 5 5 4 1 32 3 Average Overweight (x) 2 | . . 1 3 3 2 . 2 2 Largest Inventory Capacity 25 | 8 10 15 20 20 20 25 25 25 Average Capacity 19 | 6 8 12 16 20 20 21 25 25 Most Carried 25 | 4 8 14 16 19 20 22 25 25 Average Carried 16 | 3 5 10 15 16 19 20 19 24 Final Capacity 25 | 8 10 15 20 20 20 25 25 25 Final Carried 25 | 4 8 14 16 19 20 21 23 25 Class Distribution -------------------- 28% | Mutant 27% | Scavenger-Mutant 16% | Scavenger-Gunner 12% | Bothacker-Gunner 10% | Bothacker-Tank 4% | Scavenger-Tank Dominant Class ---------------- Mutant | -10/Materials Scavenger-Mutant | -9/Materials Mutant | -9/Storage Mutant | -9/Garrison Scavenger-Mutant | -9/Recycling Scavenger-Tank | -7/Factory Scavenger-Gunner | -7/Garrison Bothacker-Tank | -7/Factory Resources | -11 -10 -9 -9 -9 -9 -7 -7 -7 ----------- Run | Yrd Mat Mat Sto Gar Rec Fac Gar Fac Matter Collected 2385 | 161 151 266 351 151 72 106 729 398 Remotely . | . . . . . . . . . Salvage Created 4307 | . 350 583 661 698 219 375 1062 359 Parts 260 | . 20 45 31 47 18 25 46 28 Haulers Intercepted . | . . . . . . . . . Recyclers Shooed . | . . . . . . . . . Parts Field Recycled . | . . . . . . . . . Retrieved Matter . | . . . . . . . . . Parts Self-Destructed . | . . . . . . . . . Prevented . | . . . . . . . . . Parts Restored . | . . . . . . . . . Kills | -11 -10 -9 -9 -9 -9 -7 -7 -7 ------- Run | Yrd Mat Mat Sto Gar Rec Fac Gar Fac Combat Hostiles Destroyed 109 | . 14 17 14 21 4 5 28 6 Guns 85 | . 14 13 12 14 4 5 19 4 Cannons 4 | . . . . . . . 2 2 AOE 18 | . . 3 2 6 . . 7 . Classes Destroyed 10 | . 3 3 . 1 . 1 . 2 Worker 4 | . 2 . 1 . . . . 1 Builder 1 | . . . . . . . . 1 Recycler 3 | . . 1 . . . 2 . . Operator 2 | . . 1 . . . . . 1 Watcher 1 | . . . . . . . . 1 Swarmer 36 | . 10 9 . 10 . . 7 . Grunt 44 | . 4 4 12 5 . 1 16 2 Sentry 18 | . . 4 2 3 4 . 4 1 Hunter 4 | . . . . 3 . . 1 . Programmer 7 | . . . . . . 4 . 3 Best Kill Streak 6 | . 6 6 4 5 1 2 5 2 Combat Bots Only 5 | . 5 5 4 5 1 2 5 1 Max Kills in Single Turn 3 | . 1 3 2 3 1 1 3 2 Gunslinging 1 | . . 1 . 1 . . . . Exploded 3 | . . 3 1 3 . . 3 . Melee . | . . . . . . . . . Uniques/NPCs Destroyed . | . . . . . . . . . Combat | -11 -10 -9 -9 -9 -9 -7 -7 -7 -------- Run | Yrd Mat Mat Sto Gar Rec Fac Gar Fac Hostile Shots Fired 870 | . 82 106 39 95 16 19 460 53 Missed 298 | . 25 32 13 31 7 5 170 15 Hits 572 | . 57 74 26 64 9 14 290 38 Melee 2 | . . . . . . . . 2 Projectile 570 | . 57 74 26 64 9 14 290 36 Critical Strikes 13 | . 1 . . 1 1 2 6 2 Actively Blocked 1 | . . . . . . . 1 . Damage Taken 6774 | . 537 841 419 838 136 205 3292 506 Core 1196 | . 115 141 48 151 29 14 568 130 Absorbed by Shields 94 | . . . 22 . . . 72 . Redirected to Shielding 49 | . . . . 24 . 4 21 . Core Remaining (%) 53 | 100 54 . . . 7 . . . Volleys Fired 325 | . 34 55 32 55 11 14 96 28 Largest 3 | . 2 2 2 2 2 3 3 3 Hottest 207 | . 80 85 90 90 73 96 207 173 Shots Fired 651 | . 68 109 62 96 22 41 193 60 Gun 581 | . 68 108 60 94 22 41 157 31 Cannon 47 | . . . 2 . . . 20 25 Launcher 14 | . . 1 . 2 . . 10 1 Special 9 | . . . . . . . 6 3 Kinetic 263 | . 10 84 10 22 11 27 79 20 Thermal 239 | . 58 24 2 19 11 14 75 36 Explosive 14 | . . 1 . 2 . . 10 1 Electromagnetic 126 | . . . 50 53 . . 23 . Robot Hit Streak 20 | . 8 20 10 13 20 13 10 6 Robot Miss Streak 6 | . 3 3 2 3 1 2 4 6 Penetration Max . | . . . . . . . . . Secondary Targets 10 | . 2 3 . 2 . . 3 . Max Gunslinging Chain 1 | . 1 1 . 1 . . 1 . Shots Hit Robots 431 | . 44 77 46 63 20 29 119 33 Core Hits 260 | . 19 30 32 40 8 14 93 24 Critical Kills 2 | . 1 . . . . 1 . . Critical Parts Destroyed . | . . . . . . . . . Critical Strikes 4 | . 1 . . 1 1 1 . . Burn 2 | . . . . 1 1 . . . Destroy 2 | . 1 . . . . 1 . . Melee Attacks . | . . . . . . . . . Impact . | . . . . . . . . . Slashing . | . . . . . . . . . Piercing . | . . . . . . . . . Sneak Attacks . | . . . . . . . . . Combat Hostiles . | . . . . . . . . . Follow-up Attacks . | . . . . . . . . . Damage Inflicted 7899 | . 496 995 873 1170 274 474 2832 785 Guns 5814 | . 494 869 729 907 274 474 1681 386 Cannons 650 | . . . . . . . 251 399 Explosions 1433 | . . 126 144 263 . . 900 . Melee . | . . . . . . . . . Ramming 2 | . 2 . . . . . . . Kinetic 2456 | . 65 586 61 171 148 318 817 290 Thermal 2759 | . 429 283 144 190 126 156 936 495 Explosive 1094 | . . 126 . 183 . . 785 . Electromagnetic 1588 | . . . 668 626 . . 294 . Impact . | . . . . . . . . . Slashing . | . . . . . . . . . Piercing . | . . . . . . . . . Highest Corruption 8 | . 2 . . . . . . 8 Average Corruption 3 | . 2 . . . . . . 5 Corruption Purged . | . . . . . . . . . Corruption Blocked . | . . . . . . . . . Effects 19 | . 6 . . . . . . 13 Message Errors 7 | . 1 . . . . . . 6 Matter Fused 2 | . 1 . . . . . . 1 Heat Flow Errors 4 | . 3 . . . . . . 1 Energy Discharges 1 | . . . . . . . . 1 Data Loss (minor) 1 | . . . . . . . . 1 Data Loss (major) 1 | . 1 . . . . . . . Misfires 2 | . . . . . . . . 2 Weapon Failures 1 | . . . . . . . . 1 Overload Shots . | . . . . . . . . . Overflow Damage 35 | . . 30 . . . . . 5 Projectiles 5 | . . . . . . . . 5 Explosions 30 | . . 30 . . . . . . Melee . | . . . . . . . . . Knockbacks . | . . . . . . . . . Impact . | . . . . . . . . . Kinetic . | . . . . . . . . . Secondary . | . . . . . . . . . Self-Inflicted Damage 151 | . . . 51 51 . . 49 . Shots 4 | . . . 1 2 . . 1 . Rammed 1 | . 1 . . . . . . . Targets Rammed 1 | . 1 . . . . . . . Kicked . | . . . . . . . . . Crushed . | . . . . . . . . . Highest Temperature 312 | . 246 24 57 51 21 6 312 176 Average Temperature 48 | . 66 7 26 15 8 3 90 31 Received Heat Transfer 1780 | . 78 243 183 156 63 18 937 102 Effects 1 | . . . . . . . 1 . Interference 1 | . . . . . . . 1 . Siege Activations . | . . . . . . . . . Martial Activations . | . . . . . . . . . Shielding Activations . | . . . . . . . . . Robots Disrupted . | . . . . . . . . . Combat Hostiles . | . . . . . . . . . Robots Corrupted 1 | . . . . 1 . . . . Combat Hostiles 1 | . . . . 1 . . . . Parts Fried 10 | . . . 5 5 . . . . Impact Corruptions . | . . . . . . . . . Robots Melted 1 | . . 1 . . . . . . Combat Hostiles 1 | . . 1 . . . . . . Parts Melted 16 | . 1 7 . . . 2 4 2 Heat Transferred 6047 | . 975 703 200 530 444 407 1903 885 Parts Sabotaged . | . . . . . . . . . Parts Stolen . | . . . . . . . . . Parts Stripped . | . . . . . . . . . Power Chain Reactions 5 | . . . 1 2 . . 2 . Alert | -11 -10 -9 -9 -9 -9 -7 -7 -7 ------- Run | Yrd Mat Mat Sto Gar Rec Fac Gar Fac Maximum Alert Level 3 | . . 1 1 2 1 . 3 2 Low Security (%) 61 | 100 100 70 76 10 69 100 36 67 Level 1 20 | . . 29 23 32 30 . 18 29 Level 2 16 | . . . . 56 . . 41 2 Level 3 . | . . . . . . . 2 . Level 4 . | . . . . . . . . . Level 5 . | . . . . . . . . . High Security . | . . . . . . . . . Max Security . | . . . . . . . . . Peak Influence 792 | . 164 281 266 674 303 34 792 415 Initial 415 | . . 35 85 170 303 6 15 415 Average 213 | . 75 133 147 431 148 6 370 176 Influence Increases 3438 | . 388 549 385 594 90 134 1087 211 Destroy 0b10 Robot/C 2200 | . 280 340 280 420 80 100 580 120 Destroy 0b10 Robot/NC 55 | . 10 10 5 . . 10 . 20 Destroy Leader 322 | . 60 80 70 20 . 20 30 42 Allied During Kill 2 | . . . . . . . 1 1 Successful Hack 52 | . 8 8 8 . 10 4 14 . Disable Machine 45 | . . 15 15 . . . 15 . Anti-Garrison Action 500 | . . . . 100 . . 400 . Destroy Structure 82 | . . 6 7 9 . . 47 13 Partial Spotted 15 | . 15 . . . . . . . Lose Combat Pursuer 165 | . 15 90 . 45 . . . 15 Influence Decreases 3350 | . 302 432 326 182 749 127 317 915 Entered New Map 1025 | . . 51 118 92 371 9 7 377 Time Decay 1805 | . 302 311 198 . 368 108 . 518 Lost Part 440 | . . 70 10 90 10 10 250 . Lost Ally 80 | . . . . . . . 60 20 Squads Dispatched 9 | . 2 1 2 . . 1 . 3 Investigation . | . . . . . . . . . Extermination 4 | . . . . . . 1 . 3 Reinforcement 3 | . 2 1 . . . . . . Assault . | . . . . . . . . . Garrison 2 | . . . 2 . . . . . Intercept . | . . . . . . . . . Searches Triggered . | . . . . . . . . . Construction Impeded . | . . . . . . . . . Haulers Reinforced . | . . . . . . . . . Active Scanning Responses . | . . . . . . . . . Cargo Convoy Interrupts . | . . . . . . . . . Stealth | -11 -10 -9 -9 -9 -9 -7 -7 -7 --------- Run | Yrd Mat Mat Sto Gar Rec Fac Gar Fac Distress Signals 8 | . 3 3 1 . . . . 1 Communications Jammed 4 | . . . . . . . . 4 Distress Signals 4 | . . . . . . . . 4 Times Spotted 166 | . 31 31 15 27 4 7 37 14 Peak Tracking Total 10 | . 9 6 4 5 1 2 10 3 Tactical Retreats 9 | . 1 4 . 3 . . . 1 Traps | -11 -10 -9 -9 -9 -9 -7 -7 -7 ------- Run | Yrd Mat Mat Sto Gar Rec Fac Gar Fac Traps Triggered 12 | . 4 . 1 1 . . 4 2 Indirectly . | . . . . . . . . . Trap Hack Attempts . | . . . . . . . . . Triggered . | . . . . . . . . . Disarmed . | . . . . . . . . . Reprogrammed . | . . . . . . . . . Reused . | . . . . . . . . . Traps Extracted . | . . . . . . . . . Installed . | . . . . . . . . . Triggered . | . . . . . . . . . Machines | -11 -10 -9 -9 -9 -9 -7 -7 -7 ---------- Run | Yrd Mat Mat Sto Gar Rec Fac Gar Fac Machines Disabled 8 | . . 1 1 2 . . 4 . Max in Single Turn 1 | . . 1 1 1 . . 1 . Garrison Relay 5 | . . . . 2 . . 3 . Machines Repaired . | . . . . . . . . . Machines Dismantled . | . . . . . . . . . Machines Sabotaged . | . . . . . . . . . Overloaded Fab Kills . | . . . . . . . . . Hacking | -11 -10 -9 -9 -9 -9 -7 -7 -7 --------- Run | Yrd Mat Mat Sto Gar Rec Fac Gar Fac Machines Accessed 16 | . 1 2 4 . 2 2 3 2 Terminals 13 | . 1 2 3 . 2 . 3 2 Fabricators 1 | . . . . . . 1 . . Repair Stations . | . . . . . . . . . Recycling Units . | . . . . . . . . . Scanalyzers . | . . . . . . . . . Garrison Access 2 | . . . 1 . . 1 . . Total Hacks 26 | . 1 4 6 . 3 3 5 4 Successful 11 | . 1 1 4 . 1 2 1 1 Failed 15 | . . 3 2 . 2 1 4 3 Catastrophic 3 | . . 1 . . . . 2 . Database Lockouts . | . . . . . . . . . Manual 7 | . 1 4 . . . . . 2 Terminals 21 | . 1 4 4 . 3 . 5 4 Fabricators 2 | . . . . . . 2 . . Repair Stations . | . . . . . . . . . Recycling Units . | . . . . . . . . . Scanalyzers . | . . . . . . . . . Garrison Access 3 | . . . 2 . . 1 . . Terminal Hacks 8 | . 1 1 3 . 1 . 1 1 Record 1 | . . . . . 1 . . . Open Door 2 | . . . 2 . . . . . Open DSF 1 | . . . . . . . . 1 Branch Access Points 2 | . 1 1 . . . . . . Emergency Access Points 1 | . . . . . . . 1 . Locate Traps 1 | . . . 1 . . . . . Fabricator Hacks 1 | . . . . . . 1 . . Build 1 | . . . . . . 1 . . Repair Station Hacks . | . . . . . . . . . Recycling Unit Hacks . | . . . . . . . . . Scanalyzer . | . . . . . . . . . Garrison Access Hacks 2 | . . . 1 . . 1 . . Unlock Access 2 | . . . 1 . . 1 . . Unauthorized Hacks . | . . . . . . . . . Terminals . | . . . . . . . . . Fabricators . | . . . . . . . . . Repair Stations . | . . . . . . . . . Recycling Units . | . . . . . . . . . Scanalyzers . | . . . . . . . . . Garrison Access . | . . . . . . . . . Data Cores Recovered 2 | . . 1 . . . . . 1 Used . | . . . . . . . . . Hacking Detections 10 | . 1 1 2 . 1 2 2 1 Full Trace Events 1 | . . . . . . . 1 . Feedback Events . | . . . . . . . . . Feedback Blocked . | . . . . . . . . . Robot Schematics Acquired . | . . . . . . . . . Robots Built . | . . . . . . . . . Authchips . | . . . . . . . . . Time . | . . . . . . . . . Total Robot Build Rating . | . . . . . . . . . Part Schematics Acquired . | . . . . . . . . . Parts Built 2 | . . . . . . 2 . . Authchips . | . . . . . . . . . Time 106 | . . . . . . 106 . . Total Part Build Rating 12 | . . . . . . 12 . . Part Studies Acquired . | . . . . . . . . . Parts Repaired . | . . . . . . . . . Time . | . . . . . . . . . Parts Recycled . | . . . . . . . . . Recycled Matter . | . . . . . . . . . Retrieved Matter . | . . . . . . . . . Retrieved Components . | . . . . . . . . . Parts Scanalyzed . | . . . . . . . . . Part Schematics Acquired . | . . . . . . . . . Parts Damaged . | . . . . . . . . . Bothacking | -11 -10 -9 -9 -9 -9 -7 -7 -7 ------------ Run | Yrd Mat Mat Sto Gar Rec Fac Gar Fac Used RIF Installer 2 | . . . . 1 . . 1 . Program Shield 1 | . . . . . . . 1 . Robots Hacked 5 | . . . . . . . 4 1 Non-combat . | . . . . . . . . . Combat 5 | . . . . . . . 4 1 Robot Hacks Applied 5 | . . . . . . . 4 1 overwrite_iff 1 | . . . . . . . 1 . streamctrl_high 1 | . . . . . . . 1 . formatsys_high 3 | . . . . . . . 2 1 Relay Couplers Released 22 | . . . . 8 . . 14 . Machine Destruction 22 | . . . . 8 . . 14 . Attached 3 | . . . . . . . 2 1 Fabnet Peak Effective % . | . . . . . . . . . Robots Rewired . | . . . . . . . . . Allies Hacked . | . . . . . . . . . Hacks Repelled . | . . . . . . . . . Allies | -11 -10 -9 -9 -9 -9 -7 -7 -7 -------- Run | Yrd Mat Mat Sto Gar Rec Fac Gar Fac Total Allies 5 | . . . . . . . 4 1 Largest Group 1 | . . . . . . . 1 1 Highest-Rated Group 32 | . . . . . . . 32 30 Highest-Rated Ally 32 | . . . . . . . 32 30 Total Orders . | . . . . . . . . . Ally Attacks 4 | . . . . . . . 2 2 Total Damage 80 | . . . . . . . 38 42 Kills 1 | . . . . . . . 1 . Allies Corrupted . | . . . . . . . . . Allies Melted . | . . . . . . . . . Intel | -11 -10 -9 -9 -9 -9 -7 -7 -7 ------- Run | Yrd Mat Mat Sto Gar Rec Fac Gar Fac Active Infowar (turns) 1031 | . . . . . . . . 1031 Jamming 1031 | . . . . . . . . 1031 Robot Analysis Total . | . . . . . . . . . Derelict Logs Recovered . | . . . . . . . . . Drone Launches . | . . . . . . . . . Drone Recoveries . | . . . . . . . . . Exploration | -11 -10 -9 -9 -9 -9 -7 -7 -7 ------------- Run | Yrd Mat Mat Sto Gar Rec Fac Gar Fac Turns Passed 7904 | 113 962 819 419 867 841 595 1855 1433 Spaces Moved 3473 | 69 518 393 181 454 391 208 501 758 Core 12 | 9 . . . . . . 3 . Treads 1593 | 59 518 141 . . 161 208 306 200 Legs 191 | . . . . . . . 191 . Wheels 1677 | 1 . 252 181 454 230 . 1 558 Hover . | . . . . . . . . . Flight . | . . . . . . . . . Fastest Speed 50 | 50 160 110 125 115 150 160 210 145 Average Speed 183 | 144 160 138 132 144 204 212 295 170 Slowest Speed 1650 | 160 160 240 155 155 320 240 1650 240 Overloaded Moves . | . . . . . . . . . Propulsion Burnouts . | . . . . . . . . . Robots Hopped . | . . . . . . . . . Potential Cave-ins . | . . . . . . . . . Cave-ins Triggered . | . . . . . . . . . Exploration Rate (%) 41 | 4 84 32 39 47 84 6 51 24 Regions Visited 8 Branch Regions 2 Pre-discovered Areas . | . . . . . . . . . Known Exits Taken 3 | . . 1 1 . . 1 . . Unknown Exits Taken 3 | 1 1 . . . 1 . . . Scrap Searched . | . . . . . . . . . Spaces Dug . | . . . . . . . . . Terrain Destroyed 37 | . . 5 4 4 . . 12 12 Melee . | . . . . . . . . . Projectile . | . . . . . . . . . AOE 37 | . . 5 4 4 . . 12 12 Terrain Rammed . | . . . . . . . . . Walls Destroyed . | . . . . . . . . . Machines Disabled . | . . . . . . . . . Actions | -11 -10 -9 -9 -9 -9 -7 -7 -7 --------- Run | Yrd Mat Mat Sto Gar Rec Fac Gar Fac Total 4409 | 80 584 569 297 566 409 330 716 858 Wait 339 | . 16 82 50 41 3 83 35 29 Move 3467 | 68 517 392 181 453 390 208 500 758 Hop . | . . . . . . . . . Pick Up 77 | 4 6 13 5 8 1 9 21 10 Fast Attach 59 | 6 4 10 9 3 3 2 19 3 Attach 40 | 1 2 3 1 5 . 4 22 2 Detach 9 | 1 . . 2 . . . 6 . Swap 29 | . 1 5 4 1 . 4 3 11 Drop 58 | . 3 9 10 . 1 6 12 17 Fire 325 | . 34 55 32 55 11 14 96 28 Melee . | . . . . . . . . . Ram . | . . . . . . . . . Kick . | . . . . . . . . . Crush 1 | . 1 . . . . . . . Escape Stasis 5 | . . . 3 . . . 2 . Rewire . | . . . . . . . . . Trap . | . . . . . . . . . Miscellaneous . | . . . . . . . . . Route ------- -11/Scrapyard -10/Materials (discovered 4 exits: *Mat x2 / Min / [*Sub]) -9/Materials (discovered 3 exits: *Min / *Sto x2) -9/Storage -9/Garrison -9/Recycling -7/Factory -7/Garrison (discovered 2 exits: *Fac x2) -7/Factory History --------- Turn | Location | Event 43 | -11/Scrapyard | Discovered new exit (range 15) 114 | -11/Scrapyard | Entered Materials 140 | -10/Materials | Identified exit to Mines 305 | -10/Materials | Build established: Mutant 674 | -10/Materials | Discovered new exit (range 16) 854 | -10/Materials | Discovered new exit (range 8) 879 | -10/Materials | Discovered new exit (range 7) 1076 | -10/Materials | Entered another Materials area 1076 | -9/Materials | Evolved 2 slots: Utility x2 1327 | -9/Materials | Lost 3 parts (2p1n) 1401 | -9/Materials | Discovered new exit (range 15) 1610 | -9/Materials | Build established: Scavenger-Mutant 1738 | -9/Materials | Discovered new exit (range 16) 1842 | -9/Materials | Identified exit to Mines 1842 | -9/Materials | Identified exit to Storage 1895 | -9/Materials | Entered Storage 2185 | -9/Storage | Garrison activated, responded to threat 2314 | -9/Storage | Identified exit to Garrison 2314 | -9/Storage | Entered Garrison 2353 | -9/Garrison | Installed Relay Interface Framework 2359 | -9/Garrison | Build established: Mutant 2394 | -9/Garrison | Triggered checkpoint 2406 | -9/Garrison | Core integrity fell below 50% 2620 | -9/Garrison | Triggered checkpoint 2755 | -9/Garrison | Lost 5 parts (1n2u2w) 2790 | -9/Garrison | Garrison Relay disabled 2958 | -9/Garrison | Triggered checkpoint 2998 | -9/Garrison | Core integrity fell below 20% 3027 | -9/Garrison | Garrison Relay disabled 3155 | -9/Garrison | Discovered new exit (range 13) 3181 | -9/Garrison | Entered Recycling 3313 | -9/Recycling | Build established: Scavenger-Mutant 3945 | -9/Recycling | Discovered new exit (range 15) 4022 | -9/Recycling | Entered Factory 4022 | -7/Factory | Evolved 4 slots: Propulsion x1, Utility x2, Weapon x1 4314 | -7/Factory | Build established: Scavenger-Tank 4335 | -7/Factory | Fabricated Disruptor Cannon (x2) 4617 | -7/Factory | Identified exit to Garrison 4617 | -7/Factory | Entered Garrison 4661 | -7/Garrison | Triggered checkpoint 4754 | -7/Garrison | Garrison Relay disabled 4981 | -7/Garrison | Triggered checkpoint 4998 | -7/Garrison | Triggered checkpoint 5048 | -7/Garrison | Lost 3 allies 5075 | -7/Garrison | Core integrity fell below 50% 5102 | -7/Garrison | Lost 17 parts (2p4n3u8w) 5297 | -7/Garrison | Triggered checkpoint 5422 | -7/Garrison | Build established: Scavenger-Gunner 5511 | -7/Garrison | Triggered checkpoint 5584 | -7/Garrison | Lost 3 parts (1n2w) 5638 | -7/Garrison | Garrison Relay disabled 5819 | -7/Garrison | Discovered new exit (range 12) 6118 | -7/Garrison | Core integrity fell below 20% 6265 | -7/Garrison | Discovered new exit (range 12) 6287 | -7/Garrison | Triggered checkpoint 6321 | -7/Garrison | Garrison Relay disabled 6431 | -7/Garrison | Expanded RIF knowledge: Program Shield 6472 | -7/Garrison | Entered Factory 6696 | -7/Factory | Build established: Bothacker-Gunner 7409 | -7/Factory | Build established: Bothacker-Tank 7905 | -7/Factory | Destroyed by P-60 Hacker with Shock Rifle Last Messages --------------- 07837_ R-06 Scavenger collects Gravmag System. 07843_ U-05 Engineer works on Construction Platform. 07846_ K-01 Serf collects debris. 07848_ U-05 Engineer works on Construction Platform. 07854_ P>Z/3Q17TI/E 07868_ K-01 Serf cleans the Assembly Bed. 07868_ Detecting nearby Garrison Access. 07877_ R-06 Scavenger inserts Lgt. Nuclear Core into recycling unit. 07883_ R-06 Scavenger inserts Gravmag System into recycling unit. 07885_ System corrupted: Matter fused (-9). 07888_ K-01 Serf cleans the Nuclear Reactor. 07893_ ALERT: Potential suspicious activity detected, Programmers report to Factory Zone 2T. 07893_ C-30 ARC bursts open, deploying its payload. 07893_ B-48 Gladiator unfolds itself. 07893_ G-47 Trooper unfolds itself. 07894_ K-01 Serf collects debris. 07896_ ALERT: Cargo convoy en route, clear transfer corridor. 07903_ System corrupted: Component data lost. Map ----- +----------------------------------------------------+ | ?????????????????????????????????????????????????? | | ?????????????????????????????????????????????????? | | ?????????????????????????????????????????????????? | | ??????????????????????????????????????????? ?????? | | ??????????????????????????????????????????? ###+ | | ?????????????????????????????????????????? | | ?????????????????????????????????????????? | | ????????????????????????????????????????? | | ????????????????????????????????????????? | | ????????????????????????????????????????? | | ????????????????????????????????????????????????#+ | | ?????????????????????????????????????????????????? | | ?????????????????????????????????????????????????? | | ?????????????????????????????????????????????????? | | ?????????????????????????????????????????????????? | | ?????????????????????????????????????????????????? | | ?????????????????????????????????????????????????? | | ?????????????????????????????????????????????????? | | ?????????????????????????????????????????????????? | | ?????????????????????????????????????????????????? | | ?????????????????????????????????????????????????? | | ?????????????????????????????????????????????????? | | ?????????????????????#############??????????????? | | ?????????????????????# #??????????????? | | ?????????????????????# #####??????????# | | ?????????????????????# @ = ## ! ?????????# | | ?????????????????????# """p""" ## ???#????# | | ?????????????????????# """ """ ## """""" #????# | | ?????????????????????# """ """ ## """""" ###### | | ????????????######+### b ## """""" + | | ????????????# ##g########### """""" #?# | | ??????# ! # #?# | | ??????# + #?# | | ?????????# """ [ # #?# | | ????????# "Y" "%" ####+####### | | ?????????????? ########### | | ????????????? ??????????#^ ^ | | ???????????? """ ??????????# [= | | ???????????? """ ???????????# |% | | ?????????????""" ???????????# !!! # | | ?????????????? ???????????###### !!! # | | ?????????????""" ?????????????????# !! # | | ?????????????""" ?????????????????# """ # | | ???????????????" ????????????????? """ # | | ??????????????? ??????????????? """ ### | | ??????????????????????????????? #?# | | ?????????????????????????????? #?# | | ??????????????????????????????? # #?# | | ???????????????????????????????#######+###### #?# | | ????????????????????????????????????????????# #?? | +----------------------------------------------------+ Best States ------------- Heat Dissipation 90 Energy Generation 16 Energy Capacity 290 Matter Stores 300 Matter Capacity 300 Sight Range 16 Terrain Scan Density 10 Jamming Range 12 Armor Coverage 225 Power Shielding 33 Evasion (%) 44 Targeting Accuracy 5 Core Analysis 6 Recoil Reduction 3 Relay Coupler Types 2 Relay Coupler Value 30 Item Schematics ----------------- None Robot Schematics ------------------ None Fabricated ------------ Disruptor Cannon | x2 | -7/Factory | Preloaded Repaired ---------- Nothing Studied --------- None Alien Tech Used ----------------- None Achievements -------------- Short-term Sacrifices That Tickles Challenges ------------ None Game ------ Seed TractorShadingCartridge Manual? 0 Play Time 01:03:12 Cumulative 104.7 hours Start 2025.11.04 @ 02:45:34 End 2025.11.04 @ 04:00:56 Sessions 1 Manual Loads 0 Difficulty Rogue Special Mode None Game No. 140 Rogue 140 Adventurer 0 Explorer 0 Win Type - Total 1 Types 1/0/0/0/0/0/0/0/0/0 Lore% 29 Gallery% 45 Achievement% 31 Wizard Run 0 Options --------- Layout 0 ASCII 0 Keyboard 0 Movement Mouse Keybinds 0 Fullscreen 1 Font 18/Smallcaps Map View 76x50 Zoom Use 0% Tactical HUD 1 Map Filters NONE Filters NONE Steam 1 RUN: 62c4d5d2-197e-45e3-a439-66da6795b039